AoeStats
← jhonskull87

Nomad

508267667Analyzed
4v4 RM · 12d ago on Sep 21, 2026· 84m 31s· 8 players
Game mode
Random Map
Map size
231×231
Population
200
Speed
Normal
Resources
Standard
Victory
Conquest
Starting age
Dark Age
Ending age
Imperial Age
RankedLock teamsTeams togetherTeam positionsShared explorationLock speedFull tech treeHidden civsTurbo modeCheats
Victory
Defeat
🇺🇸 Wei · United States
666
+12
🇩🇿 Berbers · Algeria
634
+18
🇩🇰 Japanese · Denmark
624
+14
🇻🇪 Portuguese · Venezuela
407
+23
🇲🇽 Persians · Mexico
656
-19
🇨🇳 Burmese · China
588
-16
🇺🇸 Slavs · United States
541
-14
🇬🇧 Japanese · United Kingdom
508
-13
Vengefulone
14:48 Feudal Age
15:26 Town Watch
15:51 Double-Bit Axe
16:48 Horse Collar
17:08 Man-at-Arms
22:21 Gold Mining
22:37 Scale Mail Armor
23:38 Forging
25:27 Wheelbarrow
29:32 Castle Age
30:44 Squires
30:05 Long Swordsman
38:01 Hand Cart
38:16 Chain Mail Armor
38:38 Iron Casting
37:54 Fletching
39:30 Bow Saw
41:52 Murder Holes
42:19 Ballistics
42:10 Masonry
42:11 Stone Mining
42:57 Gold Shaft Mining
43:43 Bodkin Arrow
43:57 Detinets
45:08 Pikeman
51:20 Imperial Age
52:18 Halberdier
53:29 Conscription
52:57 Two-Handed Swordsman
54:35 Plate Mail Armor
55:31 Blast Furnace
55:29 Champion
60:04 Two-Man Saw
59:09 Heavy Plow
63:55 Crop Rotation
67:03 Druzhina
67:40 Hoardings
jhonskull87
15:50 Feudal Age
14:06 Loom
18:53 Double-Bit Axe
19:35 Horse Collar
21:57 Forging
26:35 Padded Archer Armor
26:26 Fletching
32:12 Castle Age
37:45 Gold Mining
41:14 Bow Saw
42:24 Ballistics
45:34 Iron Casting
44:55 Bodkin Arrow
45:15 Leather Archer Armor
46:49 Gold Shaft Mining
46:00 Fishing Lines
46:18 Stone Mining
47:35 Parthian Tactics
49:28 Kamandaran
54:02 Imperial Age
52:13 Wheelbarrow
51:45 Gillnets
53:42 Thumb Ring
54:24 Crossbowman
55:41 Heavy Cavalry Archer
56:22 Murder Holes
58:51 Blast Furnace
58:22 Ring Archer Armor
57:58 Scale Barding Armor
59:57 Chemistry
58:48 Heated Shot
59:24 Husbandry
59:34 Bloodlines
58:46 Heavy Camel Rider
67:12 Stone Shaft Mining
66:59 Scale Mail Armor
67:05 Scale Barding Armor
67:18 Hand Cart
69:01 Two-Man Saw
68:39 Town Watch
69:15 Chain Mail Armor
70:06 Heavy Plow
70:49 Masonry
greninja88
3:38 Loom
16:24 Feudal Age
18:15 Double-Bit Axe
19:28 Fishing Lines
22:48 Fletching
23:08 Forging
22:53 Man-at-Arms
25:21 Scale Mail Armor
25:21 Padded Archer Armor
30:39 Castle Age
29:14 Wheelbarrow
28:28 Town Watch
28:49 Padded Archer Armor
32:56 Bodkin Arrow
33:36 Iron Casting
34:34 Stone Mining
34:34 Gold Mining
34:41 Gold Mining
35:58 Chain Mail Armor
35:56 Horse Collar
36:18 Squires
35:43 Pikeman
47:41 Hand Cart
49:44 Town Patrol
LAI32
17:09 Feudal Age
21:26 Wheelbarrow
20:35 Horse Collar
26:09 Castle Age
24:57 Fishing Lines
29:16 Heavy Plow
29:39 Forging
29:39 Scale Barding Armor
30:54 Manipur Cavalry
32:39 Hand Cart
35:16 Gold Mining
35:17 Stone Mining
38:29 Imperial Age
40:37 Elite Arambai
42:36 Iron Casting
42:23 Chain Barding Armor
45:03 Chemistry
44:25 Ballistics
44:13 Howdah
44:56 Conscription
46:25 Elite Battle Elephant
48:24 Blast Furnace
48:49 Plate Barding Armor
48:17 Scale Mail Armor
48:18 Padded Archer Armor
48:08 Fletching
51:56 Arson
52:32 Chain Mail Armor
52:14 Bodkin Arrow
54:42 Bracer
56:43 Plate Mail Armor
57:29 Gold Shaft Mining
66:32 Murder Holes
66:55 Siege Engineers
67:01 Masonry
ManOWar14
11:58 Loom
17:11 Feudal Age
23:30 Gold Mining
30:18 Castle Age
33:24 Forging
33:05 Fletching
33:21 Scale Barding Armor
33:00 Pikeman
35:07 Horse Collar
36:07 Gold Shaft Mining
35:24 Stone Mining
35:23 Double-Bit Axe
37:18 Gold Shaft Mining
41:45 Imperial Age
40:30 Bloodlines
41:56 Husbandry
42:19 Chain Barding Armor
42:35 Iron Casting
42:21 Heavy Hei Guang Cavalry
48:45 Blast Furnace
47:47 Padded Archer Armor
49:09 Town Watch
50:00 Wheelbarrow
49:45 Bodkin Arrow
50:11 Heavy Plow
52:27 Ming Guang Armor
52:52 Murder Holes
53:07 Fortified Wall
53:59 Chemistry
53:20 Ballistics
55:53 Parthian Tactics
55:34 Thumb Ring
54:52 Elite Tiger Cavalry
55:54 Conscription
56:39 Halberdier
67:50 Elite Genitour
69:30 Bracer
69:45 Leather Archer Armor
71:46 Squires
71:32 Arson
76:27 Scale Mail Armor
76:57 Ring Archer Armor
78:28 Tuntian
bluismer
3:44 Loom
14:48 Feudal Age
22:47 Castle Age
20:48 Fishing Lines
21:25 Man-at-Arms
25:08 Stone Mining
25:12 Gillnets
26:50 Long Swordsman
27:16 Gambesons
34:34 Pikeman
54:20 Double-Bit Axe
67:04 Medium Warships
SlimDZ16
20:51 Feudal Age
27:09 Man-at-Arms
BlacKHazE.
18:08 Feudal Age
18:36 Fishing Lines
18:52 Double-Bit Axe
21:30 Stone Mining
23:19 Wheelbarrow
23:32 Loom
28:20 Castle Age
27:07 Arson
26:42 Man-at-Arms
28:52 Gillnets
30:44 Bow Saw
34:54 Hand Cart
34:18 Long Swordsman
34:44 Gambesons
34:51 Gambesons
35:07 Squires
35:16 Scale Mail Armor
35:27 Forging
35:07 Fletching
37:41 Chain Mail Armor
38:02 Iron Casting
37:22 Bodkin Arrow
44:25 Imperial Age
45:47 Elite Samurai
46:53 Conscription
46:57 Kataparuto
46:10 Elite Samurai
49:02 Plate Mail Armor
49:33 Blast Furnace
48:47 Fortified Wall
49:51 Hoardings
49:28 Siege Engineers
49:47 Ballistics
49:23 Murder Holes
51:19 Devotion
51:22 Bracer
53:22 Chemistry
52:14 Two-Handed Swordsman
54:37 Elite Cannon Galleon
55:47 Medium Warships
57:41 Masonry
57:45 Careening
57:46 Clinker Construction
58:00 Shipwright
59:23 Heavy Warships
81:56 Champion
82:39 Yasama
82:34 Champion
Connection lost

Rejoining the realm…

Still unreachable

The connection could not be restored.

Session expired

The server has moved on; the page needs a fresh start.